 Dungeon Crawl Stone Soup version 0.14-a0-882-gdff4d47 (webtiles) character file.

17002 PolkaDot the Cloud Mage (level 12, -4/68 (72) HPs)
             Began as a Vampire Wizard on Nov 17, 2013.
             Was a High Priest of Vehumet.
             Slain by a troll (9 damage)
             ... on Level 13 of the Dungeon.
             The game lasted 01:57:56 (16550 turns).

PolkaDot the Cloud Mage (Vampire Wizard)           Turns: 16550, Time: 01:57:57

HP  -4/68 (72)   AC  5     Str  6      XL: 12   Next:  9%
MP   6/27        EV 12     Int 26      God: Vehumet [*****.]
Gold 587         SH  0     Dex 12      Spells:  8 memorised,  1 level left

Res.Fire  : . . .   See Invis. : +   k - +0 dagger (elec)
Res.Cold  : . . .   Warding    : .   g - +0 steam dragon hide
Life Prot.: + . .   Conserve   : .   (no shield)
Res.Poison: +       Res.Corr.  : .   b - +1 wizard hat
Res.Elec. : .       Clarity    : +   (no cloak)
Sust.Abil.: . .     Spirit.Shd : .   C - +0 pair of gauntlets
Res.Mut.  : .       Stasis     : .   z - +0 pair of boots
Res.Rott. : .       Flight     : .   t - amulet of clarity
Saprovore : . . .                    F - ring of poison resistance
                                     K - ring of wizardry

@: studying Short Blades, somewhat resistant to hostile enchantments, stealthy
A: bottle blood, claws 1, fangs 3, see invisible, unbreathing, evolution 1, Int
+2
a: Bat Form, Bottle Blood, Renounce Religion


You were on level 13 of the Dungeon.
You worshipped Vehumet.
Vehumet was extremely pleased with you.
You were not thirsty.

You visited 2 branches of the dungeon, and saw 14 of its levels.

You collected 587 gold pieces.

Inventory:

Hand weapons
 k - a +0,+0 dagger of electrocution (weapon)
 p - a +2,+0 short sword of holy wrath
 A - the +0,+0 short sword of Defiance {speed, rElec MR++}
   (You found it on level 9 of the Dungeon)

   Attacks with this weapon take half as long, but cause slightly less damage.
   It insulates you from electricity.
   It affects your resistance to hostile enchantments.
Armour
 b - a +1 wizard hat (worn)
 g - a +0 steam dragon hide (worn)
 z - a +0 pair of boots (worn)
 C - a +0 pair of gauntlets (worn)
Magical devices
 a - a wand of polymorph (10)
 s - a wand of digging (22)
 u - a wand of confusion (21)
 y - a wand of magic darts (7)
 E - a wand of lightning (5)
Scrolls
 e - a scroll of enchant weapon I
 h - a scroll of remove curse
 o - a scroll of fog
Jewellery
 q - an uncursed ring of fire
 t - an amulet of clarity (around neck)
 F - a ring of poison resistance (right hand)
 J - a +1 ring of evasion
 K - a ring of wizardry (left hand)
Potions
 d - a potion of restore abilities
 f - 2 potions of brilliance
 j - a potion of slowing {unknown}
 l - a potion of resistance
 n - 3 potions of agility
 r - a potion of curing
 x - a potion of might
 D - a potion of flight
 G - a potion of berserk rage {unknown}
 I - a potion of heal wounds
Books
 c - a book of Minor Magic

   Spells                             Type                      Level
   *Magic Dart                        Conjuration                  1
   *Blink                             Translocation                2
   Call Imp                           Summoning                    2
   *Repel Missiles                    Charms/Air                   2
   Slow                               Hexes                        2
   *Conjure Flame                     Conjuration/Fire             3
   *Mephitic Cloud                    Conjuration/Poison/Air       3
 m - a book of Battle

   Spells                             Type                      Level
   Infusion                           Charms                       1
   Shroud of Golubria                 Charms/Translocation         2
   Song of Slaying                    Charms                       2
   Spectral Weapon                    Hexes/Charms                 3
   Regeneration                       Charms/Necromancy            3
 v - a Necronomicon {highlevel}

   This book is beyond your current level of understanding.

   Spells                             Type                      Level
   Haunt                              Necromancy/Summoning         7
   Borgnjor's Revivification          Necromancy                   8
   Death's Door                       Charms/Necromancy            8
   Necromutation                      Transmutation/Necromancy     8
 B - a manual of Short Blades


   Skills:
 - Level 2.1 Dodging
 - Level 3.0 Stealth
 - Level 6.8 Spellcasting
 - Level 7.6 Conjurations
 - Level 2.3 Charms
   Level 1.0 Summonings
 - Level 2.4 Translocations
 - Level 6.2 Fire Magic
 * Level 12.8 Air Magic
 + Level 2.6 Poison Magic


You had one spell level left.
You knew the following spells:

 Your Spells              Type           Power        Failure   Level  Hunger
a - Throw Flame           Conj/Fire      #####.       1%          2    None
d - Iskenderun's Mystic   Conj           #####...     1%          4    ###....
q - Blink                 Tloc           N/A          1%          2    None
s - Conjure Flame         Conj/Fire      #####...     1%          3    None
x - Poisonous Cloud       Conj/Pois/Air  #####.....   7%          6    ######.
z - Mephitic Cloud        Conj/Pois/Air  #####...     1%          3    None
A - Magic Dart            Conj           ####         1%          1    None
D - Repel Missiles        Chrm/Air       #####.....   1%          2    None


Dungeon Overview and Level Annotations

Branches:
Dungeon (13/16)            Temple (1/1) D:5             Orc (0/4) D:10
   Lair (0/8) D:10

Altars:
Ashenzari
Cheibriados
Elyvilon
Fedhas
Kikubaaqudgha
Makhleb
Nemelex Xobeh
Okawaru
Sif Muna
Trog
Vehumet
Xom
Yredelemnul
Zin
the Shining One

Shops:
D:9 +   D:10 (

Annotations:
D:9 exclusion: silver statue
D:11 Gastronok


Innate Abilities, Weirdness & Mutations

You can bottle blood from corpses.
You have razor-sharp teeth.*
You have supernaturally acute eyesight.
You can survive without breathing.*
You have sharp fingernails.*
Your mind is acute. (Int +2)
You evolve.+


Message History

The griffon closely misses you.
The troll is engulfed in poison gas.
The troll bites you. The troll claws you but does no damage.
The troll barely misses you.
You hit the griffon but do no damage.
The griffon is severely wounded.
The griffon is engulfed in poison gas.
The griffon closely misses you.
The griffon pecks you but does no damage.
The griffon misses you.
The troll is engulfed in poison gas.
The troll closely misses you. The troll claws you but does no damage.
The troll barely misses you.
You hit the troll. Your bite misses the troll.
The troll is severely wounded.
The griffon bites you!
* * * LOW HITPOINT WARNING * * *
The griffon barely misses you. The griffon claws you!
* * * LOW HITPOINT WARNING * * *
The troll is engulfed in poison gas.
The troll bites you.
* * * LOW HITPOINT WARNING * * *
The troll claws you!
You die...

#.. ... .. #.#... .###. f.
$..... ...$. .##.##.#.. #.
..........# ####
....§§§§Z.###########...
...§§§§§................
....§§§§H..............§.
......§§§T@................
.......§§§§...###########...
........§§§....# #...
#........§f§....# ########.#
................. ..........
............>...f.
..........
#...............###
########.# #.#######.# #.#
#.# #.# #.#


You could see a griffon, a troll and a yak zombie.

Vanquished Creatures
  A hydra (D:10)
  The ghost of timbw the Basher, an experienced TrGl of Makhleb (D:12)
  An unseen horror (D:10)
  Joseph (D:12)
  A cyclops (D:10)
  4 hill giants
  Grinder (D:4)
  4 trolls
  A boulder beetle (shapeshifter) (D:13)
  A two-headed ogre (D:9)
  A wyvern (D:12)
  8 yaks
  A wolf (D:10)
  2 wraiths
  2 hippogriffs
  A steam dragon (D:6)
  A merfolk (D:8)
  3 manticores
  5 human zombies (D:7)
  A soldier ant (D:13)
  4 orc warriors
  A necrophage (D:7)
  2 phantoms
  5 sky beasts
  A giant goldfish (D:10)
  2 ice beasts
  6 ogres
  9 centaurs
  21 big kobolds
  Blork the orc (D:4)
  2 water moccasins
  6 giant frogs
  A manticore zombie (D:10)
  13 killer bees
  An eye of draining (D:9)
  2 jellyfish (D:10)
  2 electric eels (D:10)
  A troll skeleton (D:13)
  A wight (D:7)
  2 goliath beetles
  A giant frog zombie (D:9)
  A centaur zombie (D:6)
  3 crimson imps
  10 hounds
  9 orc wizards
  3 jellies
  4 big fish
  2 giant frog skeletons
  3 human skeletons (D:7)
  2 iguanas
  A water moccasin zombie (D:9)
  4 orc priests
  A soldier ant zombie (D:11)
  6 worker ants
  A centaur skeleton (D:10)
  A scorpion (D:10)
  An elf skeleton (D:7)
  An ogre zombie (D:8)
  4 sheep (D:10)
  A mottled dragon skeleton (D:9)
  2 ogre skeletons
  13 gnolls
  14 adders
  A shadow imp (D:9)
  A steam dragon skeleton (D:11)
  A giant centipede (D:13)
  5 worms
  A goliath beetle zombie (D:12)
  An ufetubus (D:9)
  2 adder skeletons
  3 giant eyeballs
  8 giant geckos
  2 oozes
  21 orcs
  A bat skeleton (D:4)
  6 giant cockroaches
  40 goblins
  37 hobgoblins
  8 jackals
  A quokka (D:10)
  12 bats
  6 giant newts
  2 giant spores
  A hobgoblin skeleton (D:7)
  37 kobolds
  A kobold zombie (D:6)
  An orc zombie (D:7)
  13 rats
  7 ballistomycetes
431 creatures vanquished.

Vanquished Creatures (others)
  2 giant spores
  A ballistomycete (D:13)
3 creatures vanquished.

Grand Total: 434 creatures vanquished

Notes
Turn   | Place    | Note
--------------------------------------------------------------
     0 | D:1      | PolkaDot, the Vampire Wizard, began the quest for the Orb.
     0 | D:1      | Reached XP level 1. HP: 11/11 MP: 6/6
   168 | D:1      | Reached skill level 1 in Conjurations
   565 | D:1      | Reached XP level 2. HP: 10/17 MP: 1/8
  1329 | D:2      | Reached XP level 3. HP: 10/22 MP: 3/10
  2256 | D:3      | Reached XP level 4. HP: 10/28 MP: 12/12
  2556 | D:4      | Paralysed by a potion of paralysis for 5 turns
  2670 | D:3      | Learned a level 3 spell: Conjure Flame
  2674 | D:3      | Learned a level 3 spell: Mephitic Cloud
  2811 | D:4      | Reached XP level 5. HP: 33/33 MP: 13/13
  2948 | D:4      | Noticed Blork the orc
  3012 | D:4      | Killed Blork the orc
  3012 | D:4      | Reached skill level 4 in Conjurations
  3679 | D:5      | Entered Level 5 of the Dungeon
  3679 | D:5      | Noticed an ogre
  3693 | D:5      | Killed an ogre
  3693 | D:5      | Reached XP level 6. HP: 39/39 MP: 4/15
  3793 | D:5      | Reached skill level 5 in Conjurations
  3815 | D:5      | Found a staircase to the Ecumenical Temple.
  3822 | Temple   | Entered the Ecumenical Temple
  4007 | Temple   | Learned a level 2 spell: Blink
  4010 | Temple   | Learned a level 2 spell: Repel Missiles
  4010 | Temple   | Somebody: Hi. Deciding on your diety?
  4010 | Temple   | PolkaDot: Yep
  4010 | Temple   | PolkaDot: Either Sif or Veh
  4010 | Temple   | PolkaDot: But... Yikes, I hate this decision >.>
  4010 | Temple   | Somebody: For the record, I think channeling is not going to be that good, given that you probably won't spend as much time bloodless.
  4010 | Temple   | Somebody: ...but then again, no meleeing, you can be.
  4010 | Temple   | Somebody: There's always !rng. :)
  4010 | Temple   | PolkaDot: Channeling alongside spell hunger would mean I'd spend more time less than full
  4010 | Temple   | PolkaDot: But, hopefully, that'd be rendered moot, by killing things fast
  4010 | Temple   | PolkaDot: Veh has the benefits of no invo and earlier help
  4010 | Temple   | PolkaDot: And I went sif last roung, so I'm thinking switch it up ;p
  4010 | Temple   | Became a worshipper of Vehumet
  4011 | Temple   | Somebody: How did your last Vp mage end?
  4011 | Temple   | PolkaDot: Got pushed into my own conjure flame by an elephant
  4011 | Temple   | PolkaDot: it was just after killing a two headed ogre, which is stupid enough to walk through a tunnel of flame xD
  4011 | Temple   | PolkaDot: and I miscast blink twice...
  4011 | Temple   | Somebody: :) I have recently had Kikubaagudgha wish my DENe luck in afterlife for underestimating several trivial enemies, such as mosquitoes.
  4011 | Temple   | PolkaDot: Yeah, they can be nasty
  4011 | Temple   | PolkaDot: Not too bad if you can gat a stab on them, though
  4011 | Temple   | Somebody: So yes, I know the feeling... especially given that this character have had a sword of the Doom Knight.
  4011 | Temple   | PolkaDot: oh
  4011 | Temple   | PolkaDot: ouch xD
  4049 | D:5      | Somebody: It may have been the thing to kill me, in fact.
  4049 | D:5      | PolkaDot: oh?
  4066 | D:5      | Somebody: -Cast when you are as fragile as a DE is not very helpful.
  4081 | D:5      | Reached skill level 1 in Fire Magic
  4081 | D:5      | Reached skill level 1 in Air Magic
  4082 | D:5      | PolkaDot: Ah
  4082 | D:5      | PolkaDot: I did not know it had that on it
  4082 | D:5      | PolkaDot: Silly moose :p
  4326 | D:5      | Somebody: ...but in any case, I suspect there's a disclaimer about that somewhere in '?', that the player personally takes credit for all the foolishness in Crawl.
  4329 | D:5      | PolkaDot: Probably
  4329 | D:5      | Somebody: DEFE-turned-Ne of Kiku is surprisingly good, by the way.
  4329 | D:5      | PolkaDot: I'll try it sometime
  4329 | D:5      | Somebody: I have recently gone that by finding a book of Flames on D:3.
  4329 | D:5      | PolkaDot: but yeh, I find after a while, death is 99.99% because of silliness :3
  4333 | D:5      | Somebody: Basically, you are as good as DENe, but you have Conjure and Sticky Flames.
  4342 | D:5      | PolkaDot: Very nifty :D
  4733 | D:4      | Somebody: (The most disappointing thing secretely is that the other 0,01% it's probably all your fault, too. :)
  4733 | D:4      | PolkaDot: xD
  4733 | D:4      | PolkaDot: true
  4794 | D:4      | Somebody: I have recently seen a very helpful guide on options to rc file.
  4795 | D:4      | Somebody: http://git.develz.org/?p=crawl.git;a=blob;f=crawl-ref/docs/options_guide.txt;
  4795 | D:4      | Somebody: Take a look if you haven't tinkered with that enough to your own satisfaction already.
  4795 | D:4      | PolkaDot: I should look through it to tinker properly
  4795 | D:4      | Somebody: I've found some things immensely satisfying — such as turning off the instant travel and automating chunk management.
  4795 | D:4      | PolkaDot: Mostly make little changes as and when I wonder if something could be made more optimal
  4795 | D:4      | Somebody: It does a good man page, all in all.
  4795 | D:4      | PolkaDot: insta-travel took some getting used to, will deffo change that
  4795 | D:4      | PolkaDot: Thank ^_^
  4797 | D:4      | Somebody: Good luck. I'll now go and play my DENe.
  4798 | D:4      | PolkaDot: \o
  4829 | D:4      | Acquired Vehumet's first power
  4829 | D:4      | Offered knowledge of Sandblast by Vehumet.
  4995 | D:4      | Reached XP level 7. HP: 33/44 MP: 17/17
  5016 | D:4      | Gained mutation: You evolve. [potion of beneficial mutation]
  5091 | D:4      | Noticed Grinder
  5114 | D:4      | Killed Grinder
  5114 | D:4      | Reached skill level 1 in Translocations
  5176 | D:4      | Offered knowledge of Throw Flame by Vehumet.
  5303 | D:4      | Noticed a big kobold
  5303 | D:4      | Noticed a big kobold
  5303 | D:4      | Noticed a big kobold
  5303 | D:4      | Gained mutation: Your magical capacity is low (-10% MP). [evolution]
  5342 | D:4      | Killed a big kobold
  5349 | D:4      | Killed a big kobold
  5358 | D:4      | Killed a big kobold
  5358 | D:4      | Reached XP level 8. HP: 20/50 MP: 14/16
  5675 | D:6      | Learned a level 2 spell: Throw Flame
  5765 | D:6      | Offered knowledge of Searing Ray by Vehumet.
  5913 | D:6      | Acquired Vehumet's second power
  6306 | D:7      | Reached skill level 5 in Air Magic
  6391 | D:7      | Offered knowledge of Inner Flame by Vehumet.
  6622 | D:7      | Reached XP level 9. HP: 39/55 MP: 5/18
  6734 | D:7      | Reached skill level 6 in Air Magic
  7086 | D:7      | Reached skill level 5 in Fire Magic
  7410 | D:7      | Acquired Vehumet's third power
  7410 | D:7      | Reached skill level 7 in Air Magic
  7877 | D:7      | Found an ancient bone altar of Kikubaaqudgha.
  7990 | D:7      | Offered knowledge of Iskenderun's Mystic Blast by Vehumet.
  7996 | D:7      | Learned a level 4 spell: Iskenderun's Mystic Blast
  8326 | D:8      | Reached skill level 8 in Air Magic
  8507 | D:8      | Reached XP level 10. HP: 23/57 MP: 19/19
  8801 | D:8      | Gained mutation: Your mind is acute. (Int +2) [evolution]
  8806 | D:8      | Somebody: Trying to stay "alive" to benefit from evolution?
  8816 | D:8      | Somebody: Good idea, too bad it did not do anything at all on my last Xomite. :)
  8816 | D:8      | PolkaDot: It's a bit of an ongoing roullette, really
  8816 | D:8      | PolkaDot: More INT
  8816 | D:8      | PolkaDot: but less MP
  8816 | D:8      | PolkaDot: stupid rng xD
  8817 | D:8      | Somebody: Neat title, by the way. ..barring the fact that you are in a dungeon.
  8817 | D:8      | Somebody: It's heavily biased towards good things, or so I was told.
  8817 | D:8      | PolkaDot: Probably ^^
  8982 | D:8      | Somebody: Did you know, there's automagic option now, much like autofight?
  8982 | D:8      | PolkaDot: Oh?
  8982 | D:8      | Somebody: There is.
  8982 | D:8      | PolkaDot: I generally just type ` to recast my last spell
  8982 | D:8      | PolkaDot: and if I know some spells will remain for the entire game, macro 'em :3
  8982 | D:8      | Somebody: I'll imagine it is not going to be very good, unless you cast the same things over and over again...
  8982 | D:8      | Somebody: Right.
  8982 | D:8      | PolkaDot: Depends on the situation :p
  8982 | D:8      | PolkaDot: Like just then, with the snake
  8982 | D:8      | PolkaDot: trap, recast throw flame 'til death
  8991 | D:8      | Somebody: Right.
  8994 | D:8      | Somebody: ...by the way, do you know, can I macro intelligent sublimation of the least fresh and/or useful chunks first, so as not to derail Simularcum casting?
  8995 | D:8      | PolkaDot: I've heard of that
  8995 | D:8      | Somebody: That's something that would be useful.
  8995 | D:8      | PolkaDot: Oh yes
  8995 | D:8      | PolkaDot: I've never got aorund to Subl. though
  8995 | D:8      | PolkaDot: Bit silly of me, really
  8995 | D:8      | PolkaDot: I'll have to look into that one, the convenience would make it more appealing
  9025 | D:8      | Somebody: It's really good if you are with Kiku — you can never run out of corpses, given that you have enough piety. ...more effective than channeling, even.
  9066 | D:8      | Somebody: ...by the way, did you know that you can "renew" dying out clouds of flame by casting CF on them again?
  9066 | D:8      | PolkaDot: Yep
  9066 | D:8      | Somebody: Not knowing that might have killed a couple of my characters before...
  9066 | D:8      | PolkaDot: oh dear
  9066 | D:8      | PolkaDot: that said, I've found that if I'm patient with 's' I can let it die and recast it xD
  9066 | D:8      | PolkaDot: Not sure which is more effective
  9241 | D:8      | Somebody: Right. :) ...that probably depends on the situation and free space available.
  9242 | D:8      | PolkaDot: ^
  9271 | D:8      | Somebody: Good luck, see you later.
  9272 | D:8      | Offered knowledge of Ignite Poison by Vehumet.
  9292 | D:8      | Reached skill level 9 in Air Magic
  9786 | D:9      | Reached skill level 1 in Charms
  9923 | D:9      | Got a fine short sword
  9984 | D:9      | Identified the cursed +0,+0 short sword of Defiance {speed, rElec MR++} (You found it on level 9 of the Dungeon)
  9984 | D:9      | Identified the cursed +0,+0 short sword of Defiance {speed, rElec MR++} (You found it on level 9 of the Dungeon)
 10659 | D:9      | Paralysed by a giant eyeball for 3 turns
 10781 | D:9      | Paralysed by a giant eyeball for 3 turns
 10810 | D:9      | Found Twara's Book Shoppe.
 11106 | D:9      | Reached skill level 5 in Spellcasting
 11182 | D:10     | Entered Level 10 of the Dungeon
 11346 | D:9      | Reached skill level 10 in Air Magic
 12040 | D:9      | Lost mutation: Your magical capacity is low (-10% MP). [evolution]
 12192 | D:10     | Found Ymiawogg's Weapon Shop.
 12260 | D:10     | Found a staircase to the Orcish Mines.
 12332 | D:10     | Noticed a five-headed hydra
 12352 | D:10     | Killed a five-headed hydra
 12352 | D:10     | Reached XP level 11. HP: 62/62 MP: 14/24
 12384 | D:10     | Noticed a hill giant
 12408 | D:10     | Killed a hill giant
 12702 | D:10     | Found a staircase to the Lair.
 12914 | D:10     | Noticed a cyclops
 13253 | D:10     | Killed a cyclops
 13378 | D:10     | Offered knowledge of Poisonous Cloud by Vehumet.
 13447 | D:10     | Noticed a hill giant
 13490 | D:10     | Killed a hill giant
 13490 | D:10     | Reached skill level 11 in Air Magic
 13838 | D:10     | Paralysed by a giant eyeball for 3 turns
 13842 | D:10     | Paralysed by a giant eyeball for 3 turns
 13923 | D:10     | Noticed an unseen horror
 13935 | D:10     | Killed an unseen horror
 14317 | D:11     | Noticed Gastronok
 14692 | D:12     | Noticed Joseph
 14728 | D:12     | Killed Joseph
 14870 | D:12     | Reached skill level 12 in Air Magic
 14878 | D:12     | Learned a level 6 spell: Poisonous Cloud
 15101 | D:12     | Noticed timbw's ghost (experienced TrGl)
 15118 | D:12     | HP: 3/62 [timbw's ghost (31)]
 15119 | D:12     | Killed timbw's ghost
 15119 | D:12     | Reached skill level 1 in Poison Magic
 15427 | D:12     | Gained mutation: You have sharp fingernails. [evolution]
 15497 | D:12     | Found a deep blue altar of Sif Muna.
 15561 | D:12     | Noticed a hill giant
 15567 | D:12     | Killed a hill giant
 15904 | D:13     | Noticed a hill giant
 15917 | D:13     | Killed a hill giant
 15917 | D:13     | Reached XP level 12. HP: 42/68 MP: 3/27
 16410 | D:13     | Offered knowledge of Poison Arrow by Vehumet.
 16550 | D:13     | Slain by a troll

Action                   |  1- 3 |  4- 6 |  7- 9 | 10-12 || total
-------------------------+-------+-------+-------+-------++-------
Melee: Unarmed           |     9 |       |       |       ||     9
       Dagger            |   107 |   201 |    94 |   174 ||   576
       Spear             |       |       |   268 |       ||   268
       Short sword       |       |       |       |   201 ||   201
 Cast: Magic Dart        |    69 |    20 |    29 |    21 ||   139
       Mephitic Cloud    |       |     8 |    22 |    29 ||    59
       Conjure Flame     |       |     9 |    33 |    82 ||   124
       Throw Flame       |       |       |    93 |   309 ||   402
       Iskenderun's Myst |       |       |    10 |     2 ||    12
       Poisonous Cloud   |       |       |       |    26 ||    26
       Repel Missiles    |       |       |       |     4 ||     4
       Blink             |       |       |       |     2 ||     2
 Abil: Bottle Blood      |       |       |    28 |    39 ||    67
Evoke: Wand              |       |       |       |     6 ||     6
  Use: Potion            |     1 |     2 |    31 |    54 ||    88
       Scroll            |       |     4 |    19 |    13 ||    36
 Stab: Sleeping          |     2 |     1 |     4 |     1 ||     8
       Confused          |       |     1 |    11 |    13 ||    25
